 Dungeon Crawl Stone Soup version 0.29-a0-284-gf9362112df (webtiles) character file.

Game seed: 2406575926796012077

18 Ritze the Sneak (level 2, -2/13 HPs)
             Began as a Spriggan Enchanter on Mar 15, 2022.
             Slain by a quokka (4 damage)
             ... on level 1 of the Dungeon.
             The game lasted 00:03:37 (1185 turns).

Ritze the Sneak (Spriggan Enchanter)                Turns: 1185, Time: 00:03:37

Health: -2/13      AC:  2    Str:  4    XL:     2   Next: 51%
Magic:  5/16       EV: 17    Int: 16    God:
Gold:   84         SH:  0    Dex: 15    Spells: 5/7 levels left

rFire   . . .      SeeInvis +   a - +1 dagger
rCold   . . .      Faith    .   (no shield)
rNeg    . . .      Spirit   .   b - +0 robe
rPois   .          Reflect  .   (helmet restricted)
rElec   .          Harm     .   (no cloak)
rCorr   .          Rampage  .   (gloves unavailable)
Will    .....                   (boots unavailable)
Stlth   +++.......              (no amulet)
HPRegen 0.04/turn               f - ring of magical power
MPRegen 0.15/turn               (no ring)

@: hasted, invisible, very quick
A: very small, no large weapons, unfitting armour, see invisible, speed 3
a: no special abilities


You were on level 1 of the Dungeon.
You visited 1 branch of the dungeon, and saw 2 of its levels.

You collected 84 gold pieces.

Inventory:

Hand Weapons
 a - a +1 dagger (weapon)
Armour
 b - a +0 robe (worn)
Jewellery
 f - a ring of magical power (left hand)


   Skills:
 - Level 1.1 Short Blades
 - Level 2.6 Dodging
 - Level 4.4 Stealth
 + Level 3.4 Spellcasting
 + Level 4.2 Hexes


You had 5 spell levels left.
You knew the following spells:

 Your Spells              Type           Power      Damage    Failure   Level
a - Ensorcelled Hibernat  Hex/Ice        18%        N/A       12%         2

Your spell library contained the following spells:

 Spells                   Type           Power      Damage    Failure   Level
 Confusing Touch          Hex            16%        N/A       10%         3
 Tukima's Dance           Hex            16%        N/A       10%         3
 Beastly Appendage        Tmut           4%         N/A       19%         1
 Dazzling Flash           Conj/Hex       18%        N/A       22%         3
 Wereblood                Tmut           2%         N/A       26%         2
 Spider Form              Tmut/Pois      2%         N/A       47%         3


Dungeon Overview and Level Annotations

Branches:
Dungeon (2/15)

Altars:

Annotations:
D:2 Robin


Innate Abilities, Weirdness & Mutations

You are very small and have problems with some larger weapons.
You are too small for most types of armour.
You have supernaturally acute eyesight. (SInv)
You cover ground extremely quickly. (Speed+++)


Message History

Casting: Ensorcelled Hibernation (safe; 12% risk of failure)
Confirm with . or Enter, or press ? or * to list all spells.
Aiming: Ensorcelled Hibernation (safe; 12% risk of failure)
Press: ? - help, Shift-Dir - straight line, f - goblin
Aim: a goblin, wielding a +0 club (chance to affect: 61%)
The goblin looks drowsy...
The goblin misses you.
The helpless goblin fails to defend itself.
You puncture the goblin!
You kill the goblin!
Robin roars a battlecry!
The goblins go into a battle-frenzy!
Unknown command.
Unknown command.
The goblin hits you with a +0 dagger.
Robin says, "Bow before me, strongest of all the hobgoblins!"
Robin roars a battlecry!
The hobgoblin goes into a battle-frenzy!
You climb upwards.
The quokka bites you.
The quokka bites you but does no damage.
Your magical contamination has completely faded away.
There is a stone staircase leading down here.
You aren't carrying any scrolls.
Unknown command.
You feel better. The quokka barely misses you. The quokka misses you.
The goblin hits you with a +0 dagger.
Unknown command.
You fade into invisibility!
The quokka bites you. The quokka closely misses you.
The goblin barely misses you.
Unknown command.
Unknown command.
Unknown command.
You barely miss the goblin. The quokka bites you.
* * * LOW HITPOINT WARNING * * *
The goblin misses you.
Unknown command.
It was a potion of haste.
You feel yourself speed up.
The quokka closely misses you. x2; The goblin closely misses you.
The quokka closely misses you. The quokka bites you.
You die...

#..## # ##..# #
##..#####
#........ ####
#........
#..###........
######.....)......
#rg...............
#@r...###.........
####### #####.....
##.... #####


You could see 2 quokkas and a goblin (strong, can't see you).

Vanquished Creatures
  An endoplasm (D:2)
  A giant cockroach (D:1)
  4 goblins
  A hobgoblin (D:1)
  A jackal (D:2)
  2 kobolds (D:1)
  A quokka (D:1)
  A ball python (D:1)
  3 frilled lizards
  2 rats (D:1)
17 creatures vanquished.

Vanquished Creatures (others)
  7 plants (D:2)
7 creatures vanquished.

Grand Total: 24 creatures vanquished

Notes
Turn   | Place    | Note
-------+----------+-------------------------------------------
     0 | D:1      | Ritze the Spriggan Enchanter began the quest for the Orb.
     0 | D:1      | Reached XP level 1. HP: 9/9 MP: 5/5
   467 | D:1      | Reached XP level 2. HP: 4/13 MP: 7/7
   472 | D:1      | Learned a level 2 spell: Ensorcelled Hibernation
  1146 | D:2      | Noticed Robin
  1185 | D:1      | Slain by a quokka

Illustrated notes

Levels and vault maps discovered:
D:1:      amcnicky_arrival_underground_garden, layout_rooms
D:2:      cheibrodos_old_hovel, layout_basic, minmay_octomino_j4, uniq_robin

Skill      XL: |  1 |
---------------+----+-----
Spellcasting   | 3 |  3.4
Hexes          | 4 |  4.2
Short Blades   | |  1.1
Dodging        | |  2.6
Stealth        | |  4.4

Action                   || total
-------------------------++-------
Melee: Dagger            ||    44
 Cast: Ensorcelled Hiber ||     8
  Use: Potion            ||     6
       Scroll            ||     1
 Stab: Sleeping          ||     6
Armor: Robe              ||     5
Dodge: Dodged            ||    51

Table legend: (Time is in decaauts)
 A = Elapsed time spent in this place.
 B = Non-inter-level travel time spent in this place.
 C = Inter-level travel time spent in this place.
 D = Time resting spent in this place.
 E = Time spent auto-exploring this place.
 F = Levels seen in this place.
 G = Mean time per level.
                   A        B        C        D        E       F      G
               +--------+--------+--------+--------+--------+-----+--------+
         Total |    977 |    977 |      0 |    334 |    434 |   2 |  488.5 |
       Dungeon |    977 |    977 |      0 |    334 |    434 |   2 |  488.5 |
               +--------+--------+--------+--------+--------+-----+--------+

Top non-repeatable levels by time:
     D:1: 716 daAuts
     D:2: 261 daAuts
